 Dungeon Crawl Stone Soup version 0.28.0-43-g3370ac3207 (webtiles) character file.

Game seed: 7343915706976266215

1001 vvl the Stinger (level 8, -2/51 HPs)
             Began as an Octopode Venom Mage on Mar 9, 2022.
             Slain by Pikel
             ... wielding a +2 whip of freezing
              (7 damage)
             ... on level 6 of the Dungeon.
             The game lasted 00:18:37 (7563 turns).

vvl the Stinger (Octopode Venom Mage)               Turns: 7563, Time: 00:18:38

Health: -2/51      AC:  1    Str:  8    XL:     8   Next: 20%
Magic:  0/13       EV: 14    Int: 25    God:
Gold:   364        SH:  0    Dex: 12    Spells: 6/13 levels left

rFire   . . .      SeeInvis +   C - +2 quarterstaff (chaos)
rCold   . . .      Faith    .   (shield currently unavailable)
rNeg    . . .      Spirit   +   (helmet restricted)
rPois   +          Reflect  .   d - amulet of guardian spirit
rElec   .          Harm     .   e - +6 ring of intelligence
rCorr   .          Rampage  .   o - ring of willpower
Will    +....                   A - ring of poison resistance
Stlth   +++.......              y - ring of see invisible
HPRegen 0.17/turn               (no ring)
MPRegen 0.13/turn               (no ring)
                                (no ring)
                                (no ring)

@: no status effects
A: almost no armour, amphibious, 8 rings, camouflage 1, gelatinous body 1,
(nimble swimmer 1), tentacles
a: no special abilities


You were on level 6 of the Dungeon.
You visited 1 branch of the dungeon, and saw 6 of its levels.

You collected 364 gold pieces.

Inventory:

Hand Weapons
 r - a +2 vorpal flail
 v - a +1 dagger of flaming
 x - a +4 dagger
 C - a +2 quarterstaff of chaos (weapon)
Armour
 B - a +0 buckler
Jewellery
 d - an amulet of guardian spirit (around mantle)
 e - a +6 ring of intelligence (left tentacle)
 o - a ring of willpower (right tentacle)
 y - a ring of see invisible (on tentacle)
 A - a ring of poison resistance (on tentacle)
Wands
 n - a wand of paralysis (1)
 w - a wand of iceblast (9)
 E - a wand of flame (31)
 F - a wand of mindburst (8)
Scrolls
 a - a scroll of fog {unknown}
 b - 5 scrolls of teleportation {unknown}
 c - 2 scrolls of immolation {unknown}
 f - 4 scrolls of identify {unknown}
 g - a scroll of summoning {unknown}
 i - a scroll of enchant weapon {unknown}
 k - a scroll of fear {unknown}
 l - a scroll of magic mapping {unknown}
 m - a scroll of noise {unknown}
 s - a scroll of vulnerability {unknown}
 t - a scroll of amnesia {unknown}
 G - a scroll of acquirement {unknown}
Potions
 h - a potion of curing
 j - a potion of flight {unknown}
 p - a potion of haste
 q - 2 potions of mutation {unknown}
 u - a potion of brilliance {unknown}
 z - a potion of ambrosia {unknown}
 D - a potion of magic {unknown}


   Skills:
 + Level 2.8 Fighting
 + Level 3.6 Dodging
 - Level 3.0 Stealth
 + Level 1.5 Shields
 + Level 2.6 Unarmed Combat
 + Level 3.3 Spellcasting
 + Level 2.8 Necromancy
 + Level 2.0 Translocations
 + Level 2.8 Transmutations
 + Level 5.7 Poison Magic
 + Level 2.0 Evocations


You had 6 spell levels left.
You knew the following spells:

 Your Spells              Type           Power      Damage    Failure   Level
a - Sting                 Tmut/Pois      100%       1d8       1%          1
b - Olgreb's Toxic Radia  Pois           33%        N/A       9%          4
c - Blink                 Tloc           28%        N/A       6%          2

Your spell library contained the following spells:

 Spells                   Type           Power      Damage    Failure   Level
 Beastly Appendage        Tmut           36%        N/A       3%          1
 Poisonous Vapours        Pois/Air       36%        N/A       4%          2
 Wereblood                Tmut           18%        N/A       4%          2
 Spider Form              Tmut/Pois      25%        N/A       4%          3
 Lesser Beckoning         Tloc           14%        N/A       13%         3
 Mephitic Cloud           Conj/Pois/Air  13%        N/A       13%         3
 Manifold Assault         Tloc           14%        N/A       75%         5


Dungeon Overview and Level Annotations

Branches:
Dungeon (6/15)
 Temple: D:4-7

Altars:
Xom

Shops:
D:5 (

Annotations:
D:3 Terence
D:6 Pikel


Innate Abilities, Weirdness & Mutations

You cannot wear most types of armour.
You are amphibious.
You can wear up to eight rings at the same time.
Your skin changes colour to match your surroundings (Stealth+).
Your rubbery body absorbs attacks. (AC +1, EV +1)
((You are camouflaged when in or above water. (Stealth+)))
You have tentacles for arms and can constrict up to eight enemies at once.


Message History

Your toxic aura wanes.
The lemure looks more healthy.
The lemure barely misses you.
An orc comes into view. It is wielding a +0 mace.
A hound comes into view.
Found a scroll labelled JUARUD XYISHRAC.
Pikel cracks his whip.
Pikel hits you with a +2 whip of freezing!
Pikel freezes you.
Found 2 poisoned darts.
Found 15 arrows.
Pikel completely misses you. The lemure barely misses you.
Found a book of Debilitation.
You kill the lemure!
That felt strangely unrewarding.
Casting: Olgreb's Toxic Radiance (dangerous; 9% risk of failure)
Confirm with . or Enter, or press ? or * to list all spells.
You blink.
The lemure barely misses you. The hound bites you.
Unknown command.
Casting: Blink (safe; 6% risk of failure)
Confirm with . or Enter, or press ? or * to list all spells.
You don't know that spell.
You kill the lemure!
That felt strangely unrewarding.
The hound pauses to sniff the ground.
The hound closely misses you.
The orc shouts!
The hound barely misses you. Pikel waves his whip at you.
Pikel hits you with a +2 whip of freezing.
* * * LOW HITPOINT WARNING * * *
Pikel freezes you.
* * * LOW HITPOINT WARNING * * *
You feel stable enough to blink again.
You kill the lemure!
That felt strangely unrewarding.
The hound bites you.
* * * LOW HITPOINT WARNING * * *
The hound bites you.
* * * LOW HITPOINT WARNING * * *
Found a ring of willpower.
Pikel hits you with a +2 whip of freezing!
You die...

#..........!######
##...........#
#............#
#............#
#......!..........:
#o.............?...
#######..5...............
#......h#K###............
#.....#.@...#.........(..
#.... #.....#....(.####..
#... #.=...#......# ..
#.. #.....#......# #.
#.....# .... # #.....#
#.....# #######


You could see Pikel (fast, poisoned), a lemure, a hound and an orc.

Vanquished Creatures
  Menkaure (D:5)
  A black bear (D:4)
  An ogre (D:5)
  An ice beast (D:5)
  3 lemures (D:6)
  A gnoll sergeant (D:5)
  A scorpion (D:3)
  A centaur zombie (D:5)
  A hound (D:5)
  Crazy Yiuf (D:5)
  Natasha (thrice) (D:3)
  2 iguanas (D:5)
  A hound zombie (D:5)
  Robin (D:4)
  7 adders
  5 gnolls
  4 worms
  4 dart slugs
  17 orcs
  6 ball pythons
  3 endoplasms
  2 giant cockroaches
  18 goblins
  12 hobgoblins
  6 jackals
  2 bats (D:3)
  4 frilled lizards
  6 kobolds
  6 rats
121 creatures vanquished.

Notes
Turn   | Place    | Note
-------+----------+-------------------------------------------
     0 | D:1      | vvl the Octopode Venom Mage began the quest for the Orb.
     0 | D:1      | Reached XP level 1. HP: 11/11 MP: 3/3
     1 | D:1      | Noticed an electric eel
   302 | D:1      | Reached XP level 2. HP: 17/17 MP: 3/5
   589 | D:1      | You fall into a shaft and drop 1 floor!
   775 | D:2      | Reached skill level 4 in Poison Magic
   855 | D:2      | Reached XP level 3. HP: 22/22 MP: 3/6
  1917 | D:2      | Reached skill level 1 in Fighting
  1917 | D:2      | Reached skill level 1 in Necromancy
  1917 | D:2      | Reached XP level 4. HP: 28/28 MP: 5/7
  2344 | D:2      | Found a shimmering altar of Xom.
  2373 | D:2      | Reached skill level 1 in Unarmed Combat
  2493 | D:2      | Found a faded altar of an unknown god.
  2874 | D:2      | Learned a level 4 spell: Olgreb's Toxic Radiance
  2877 | D:2      | Learned a level 2 spell: Blink
  3002 | D:3      | Noticed a scorpion
  3008 | D:3      | Reached XP level 5. HP: 33/33 MP: 3/8
  3606 | D:3      | Noticed Natasha
  3619 | D:3      | Killed Natasha
  3620 | D:3      | Reached skill level 5 in Poison Magic
  3620 | D:3      | Reached XP level 6. HP: 34/38 MP: 1/9
  3784 | D:3      | Noticed Terence
  4143 | D:3      | Noticed Natasha
  4152 | D:3      | Killed Natasha
  4442 | D:3      | Noticed Natasha
  4448 | D:3      | Killed Natasha
  4734 | D:4      | Noticed a black bear
  4746 | D:4      | Killed a black bear
  4747 | D:4      | Reached skill level 1 in Translocations
  5011 | D:4      | Noticed Robin
  5022 | D:4      | Killed Robin
  5616 | D:5      | Entered Level 5 of the Dungeon
  5669 | D:5      | Reached XP level 7. HP: 36/45 MP: 3/11
  5809 | D:5      | Found a runed translucent door.
  5810 | D:5      | Noticed Crazy Yiuf
  5827 | D:5      | Killed Crazy Yiuf
  6103 | D:5      | Noticed Menkaure
  6111 | D:5      | Killed Menkaure
  6112 | D:5      | Reached skill level 1 in Evocations
  6502 | D:5      | Reached skill level 1 in Shields
  6818 | D:5      | Reached XP level 8. HP: 51/51 MP: 4/12
  7151 | D:5      | Found Luceren's Weapon Emporium.
  7541 | D:6      | Noticed Pikel
  7563 | D:6      | Slain by Pikel

Illustrated notes

Levels and vault maps discovered:
D:1:      arrival_aquarium_a, layout_loops_ring, dk_noncrumbling_2
D:2:      wander_river, layout_loops_corners, basic_altar,
          shapermc_ecumenical_altar_pompeii
D:3:      layout_basic, hangedman_abyss_or_decor_lesser_grid, uniq_terence,
          uniq_natasha
D:4:      layout_basic, minmay_misc_feat_room, uniq_robin
D:5:      layout_basic, serial_shops, nicolae_shop_bloodbath_and_beyond,
          hangedman_decor_peaks_small, minmay_fountain_box, uniq_menkaure,
          uniq_crazy_yiuf_cottage
D:6:      layout_gridville, uniq_pikel, uniq_eustachio, uniq_duvessa,
          uniq_sigmund

Skill      XL: |  1  2  3  4  5  6  7  8 |
---------------+-------------------------+-----
Stealth        | 3 |  3.0
Poison Magic   | 4 5 |  5.7
Fighting       | 1 2 |  2.8
Necromancy     | 1 2 |  2.8
Unarmed Combat | 1 2 |  2.6
Transmutations | 2 |  2.8
Dodging        | 3 |  3.6
Translocations | 1 2 |  2.0
Spellcasting   | 3 |  3.3
Evocations     | 1 2 |  2.0
Shields        | 1 |  1.5

Action                   |  1- 3 |  4- 6 |  7- 9 || total
-------------------------+-------+-------+-------++-------
Melee: Unarmed           |     6 |       |       ||     6
       Tentacles         |     6 |     6 |     6 ||    18
       Constrict         |     7 |     9 |     5 ||    21
       Dagger            |    14 |     5 |       ||    19
       Short sword       |     1 |    37 |       ||    38
       Punch             |       |     1 |     3 ||     4
       Quarterstaff      |       |       |    29 ||    29
 Cast: Sting             |    37 |    80 |    22 ||   139
       Olgreb's Toxic Ra |       |     4 |     7 ||    11
       Blink             |       |       |     2 ||     2
Evoke: Wand              |       |       |     1 ||     1
  Use: Potion            |       |       |     1 ||     1
 Stab: Sleeping          |       |     1 |     1 ||     2
       Paralysed         |       |       |     4 ||     4
Armor: Skin              |       |       |     2 ||     2
Dodge: Dodged            |    13 |    36 |    33 ||    82
